[Event "Late-Titled-Tuesday-Blitz-April-30-2024"]
[Site "Chess.com"]
[Date "2024.04.30"]
[Round "11"]
[White "Chessmatus"]
[Black "Heliosis11"]
[Result "0-1"]
[WhiteElo "2555"]
[BlackElo "2435"]
[TimeControl "180+1"]
[EndTime "16:04:34 PDT"]
[Termination "Heliosis11 won by resignation"]

1. e4 c5 2. Nf3 e6 3. d4 cxd4 4. Nxd4 Nc6 5. Nc3 Qc7 6. g3 a6 7.
Bg2 Nf6 8. O-O Nxd4 9. Qxd4 Bc5 10. Bf4 d6 11. Qd2 h6 12. Rad1 e5 13. Be3 Bb4 14.
Nb5 axb5 15. Qxb4 Be6 16. Qxb5+ Nd7 17. b3 Rxa2 18. Ra1 Rxa1 19. Rxa1 O-O 20. c4 b6 21.
Ra6 Rb8 22. h3 Nc5 23. Ra1 Bd7 24. Qb4 Bc6 25. f3 Qb7 26. g4 Qc7 27. h4 Bd7 28. h5 Be6 29. Rd1 Ra8 30. g5 hxg5 31. Bxg5 Ra2 32.
Rd2 Ra1+ 33. Kh2 Rb1 34. Qa3 Rxb3 35. Qa8+ Kh7 36. h6 f6 37. hxg7 Qxg7 38. Bh4 Qh6 39. Qa7+ Kg6 40. Rxd6 Qxh4+ 41. Kg1 Rb1+ 0-1

[Event "Late-Titled-Tuesday-Blitz-April-30-2024"]
[Site "Chess.com"]
[Date "2024.04.30"]
[Round "11"]
[White "FairChess_on_YouTube"]
[Black "Durarbayli"]
[Result "0-1"]
[WhiteElo "3076"]
[BlackElo "2938"]
[TimeControl "180+1"]
[EndTime "16:04:35 PDT"]
[Termination "Durarbayli won on time"]

1. d4 d5 2. c4 c6 3. Nf3 Nf6 4. e3 Bf5 5. Nc3 e6 6. Nh4 Be4 7. f3 Bg6 8. Qb3 Qc7 9. Bd2 Be7 10. Nxg6 hxg6 11. cxd5 cxd5 12. O-O-O Nc6 13. Kb1 a6 14. Rc1 Rc8 15. Bd3 Nd7 16. Ne2 b5 17. h4 Nb6 18.
Qd1 Nc4 19. e4 Rxh4 20. Rxh4 Bxh4 21. Bf4 Qa5 22. Qh1 Bf6 23. exd5 Nb4 24. Bxc4 bxc4 25. Nc3 Nxd5 26. Ne4 Nxf4 27. Nd6+ Kd7 28. Nxc8 Kxc8 29. Rxc4+ Kd7 30. Qh8 Qd8 31. Qxd8+ Bxd8 32. g3 Ne2 33. g4 Bb6 34. Rb4 Kc6 35. Rc4+ Kd7 36. Ra4 a5 37.
Ra3 Nxd4 38. Rc3 e5 39. b3 f5 40. Rd3 Kd6 41. gxf5 gxf5 42. Rd1 g5 43. Rg1 Nxf3 44. Rf1 Nd2+ 0-1

[Event "Late-Titled-Tuesday-Blitz-April-30-2024"]
[Site "Chess.com"]
[Date "2024.04.30"]
[Round "11"]
[White "StelaSfw"]
[Black "Bala-Afiada"]
[Result "0-1"]
[WhiteElo "1662"]
[BlackElo "2004"]
[TimeControl "180+1"]
[EndTime "16:04:36 PDT"]
[Termination "Bala-Afiada won on time"]

1. e4 c5 2. Nf3 Nc6 3. d4 cxd4 4. Nxd4 Nf6 5. Nc3 d6 6. f3 e6 7. Be3 Be7 8. Qd2 O-O 9. O-O-O d5 10. Nxc6 bxc6 11. e5 Nd7 12. f4 c5 13. Bf2 Qa5 14. a3 Rb8 15. Nb1 Qb6 16. c3 Bb7 17. Qc2 Rfc8 18.
Bd3 g6 19. g4 d4 20. Rhg1 Bf3 21. Rde1 c4 22. Bf1 d3 23. Bxb6 dxc2 24. Bxa7 cxb1=Q+ 25. Kxb1 Rb7 26. Be3 Bxa3 27. Bc1 Rcb8 28. b4 Bxc1 29. Kxc1 Nb6 30. Bg2 Bxg2 31. Rxg2 Nd5 32. f5 Nf4 33. Rf2 Nd3+ 34. Kd2 Nxf2 35. Rg1 exf5 36. gxf5 Rd8+ 37. Ke3 Nd3 0-1

[Event "Late-Titled-Tuesday-Blitz-April-30-2024"]
[Site "Chess.com"]
[Date "2024.04.30"]
[Round "11"]
[White "Mugiwara2b"]
[Black "Slovineanu"]
[Result "1-0"]
[WhiteElo "2592"]
[BlackElo "2464"]
[TimeControl "180+1"]
[EndTime "16:04:37 PDT"]
[Termination "Mugiwara2b won by checkmate"]

1. e4 c6 2. b3 d5 3. exd5 cxd5 4. Bb2 Nf6 5. Nf3 Bg4 6. Be2 e6 7. O-O Be7 8. h3 Bxf3 9. Bxf3 O-O 10. Re1 Nc6 11. d4 Rc8 12. a3 Bd6 13. c4 dxc4 14.
bxc4 Na5 15. c5 Bc7 16. Nd2 Nd5 17. Rc1 Nc6 18. Nc4 b5 19. Ne3 Nce7 20. Nxd5 Nxd5 21. Be4 g6 22. g3 a5 23. h4 h5 24. Qf3 Nf6 25.
Bd3 b4 26. axb4 axb4 27. d5 Nxd5 28. Bc4 Nc3 29. Rxc3 bxc3 30. Qxc3 e5 31. Rxe5 Qf6 32.
Rg5 Qxc3 33. Bxc3 Bd8 34. Rxg6+ Kh7 35. Rg7+ Kh6 36. g4 hxg4 37. Rxg4 Rxc5 38. Bg7+ Kh5 39. Be2 Rg8 40. Rg5+ Kxh4 41. Rxc5 Rxg7+ 42. Kf1 Bb6 43. Rh5# 1-0

[Event "Late-Titled-Tuesday-Blitz-April-30-2024"]
[Site "Chess.com"]
[Date "2024.04.30"]
[Round "11"]
[White "1g60-1"]
[Black "ural58"]
[Result "1-0"]
[WhiteElo "2435"]
[BlackElo "2518"]
[TimeControl "180+1"]
[EndTime "16:04:37 PDT"]
[Termination "1g60-1 won by checkmate"]

1. Nf3 d5 2. e3 e6 3. c4 c6 4. Nc3 Nd7 5. b3 f5 6. Bb2 Ngf6 7. d3 Bd6 8. Be2 O-O 9. O-O Qe7 10. a4 a5 11. Re1 b6 12. Bf1 Bb7 13. e4 dxe4 14. dxe4 fxe4 15. Nxe4 Nxe4 16. Rxe4 c5 17. Re3 Bxf3 18.
Rxf3 Be5 19. Bxe5 Nxe5 20. Re3 Qf6 21. Ra2 Rad8 22. Qe2 Ng6 23. g3 e5 24. Bg2 Rd4 25. Bd5+ Kh8 26. Ra1 Qf5 27. Be4 Qh3 28. Bxg6 hxg6 29.
Rxe5 Kh7 30. Re1 Rf6 31. Re4 Qd7 32. Re7 Qf5 33. h4 Rd3 34. Re3 Rfd6 35. Re5 Qf6 36. h5 Rd2 37. hxg6+ Kxg6 38. Qg4+ Kf7 39. Qh5+ Qg6 40.
Re7+ Kf8 41. Qh8# 1-0

[Event "Late-Titled-Tuesday-Blitz-April-30-2024"]
[Site "Chess.com"]
[Date "2024.04.30"]
[Round "11"]
[White "sassassasss"]
[Black "slidingknight2775"]
[Result "0-1"]
[WhiteElo "2418"]
[BlackElo "2634"]
[TimeControl "180+1"]
[EndTime "16:04:38 PDT"]
[Termination "slidingknight2775 won by resignation"]

1. e4 c5 2. g3 g6 3. Bg2 Bg7 4. Nc3 Nc6 5. Nge2 d6 6. Kf1 Nf6 7. d3 O-O 8. h3 Rb8 9. Kg1 b5 10.
a3 a5 11. Kh2 b4 12. axb4 axb4 13. Na4 Bd7 14. f4 Qc7 15. Be3 e5 16. Rf1 Ra8 17. b3 Nd4 18. Bxd4 cxd4 19. Nb2 Rxa1 20. Qxa1 Qxc2 21. Nc1 exf4 22. gxf4 Nh5 23. Nc4 d5 24. exd5 Bh6 25. Qxd4 Re8 26. Ne5 Bf5 27. d6 Nxf4 28. Rxf4 Qxc1 29. Rf1 Qg5 30. Bd5 Qd2+ 31. Rf2 Bf4+ 32.
Qxf4 Qxf4+ 33. Rxf4 Rxe5 34. Bc4 Kf8 35. Kg3 Ke8 36. Rd4 Re3+ 37. Kf4 Rxh3 38. Ke5 Re3+ 39. Kf6 Kd8 40. Bxf7 Rf3 41. Kg7 Rxd3 42. Rxd3 Bxd3 43. Kxh7 Kd7 44. Bxg6 Bxg6+ 45. Kxg6 Kxd6 46. Kf5 Kd5 47. Kf4 Kd4 48. Kf3 Kc3 49. Ke3 Kxb3 50. Kd3 Ka2 0-1

[Event "Late-Titled-Tuesday-Blitz-April-30-2024"]
[Site "Chess.com"]
[Date "2024.04.30"]
[Round "11"]
[White "Romadk"]
[Black "Walter_White_Poland"]
[Result "0-1"]
[WhiteElo "2473"]
[BlackElo "2380"]
[TimeControl "180+1"]
[EndTime "16:04:38 PDT"]
[Termination "Walter_White_Poland won by checkmate"]

1. d4 d5 2. Nf3 Nf6 3. g3 e6 4.
Bg2 Be7 5. c4 O-O 6. Nc3 c6 7.
O-O dxc4 8. Ne5 b5 9. Nxb5 Ba6 10. Nc3 Qc7 11. Qa4 Nd5 12. Nxc4 Bxc4 13. Qxc4 Nd7 14. Nxd5 exd5 15. Bxd5 Nb6 16. Qxc6 Nxd5 17. Qxd5 Rfd8 18. Qe4 Re8 19. Bf4 Qb6 20. e3 g5 21. Be5 f6 22.
Qd5+ Kg7 23. Rac1 Rad8 24. Bxf6+ Bxf6 25. Qf5 Re7 26. b3 Rdd7 27. Rc5 Qe6 28. Qxe6 Rxe6 29. Rfc1 Kg6 30. h3 h5 31. Kg2 Ra6 32. a4 Rb7 33. R1c3 Rab6 34. Rb5 Rxb5 35. axb5 Rxb5 36. Rc7 a5 37.
Ra7 Bd8 38. Ra6+ Bb6 39. d5 Rxb3 40. d6 Kf6 41. d7 Ke7 42. Kf3 Kxd7 43. Ke4 Kc6 44.
Ra8 Rb4+ 45. Kf5 Rb5+ 46. Kg6 g4 47. hxg4 hxg4 48. Rc8+ Kb7 49. Re8 a4 50. Re4 Ra5 51.
Rxg4 a3 52. Rb4 a2 53. Rb1 axb1=Q+ 54. Kh6 Qh1+ 55. Kg6 Qf3 56. Kg7 Qxf2 57. Kh7 Qxg3 58.
Kh8 Rh5# 0-1

[Event "Late-Titled-Tuesday-Blitz-April-30-2024"]
[Site "Chess.com"]
[Date "2024.04.30"]
[Round "11"]
[White "Supelyel"]
[Black "MuhittinBuker"]
[Result "1-0"]
[WhiteElo "2404"]
[BlackElo "2206"]
[TimeControl "180+1"]
[EndTime "16:04:38 PDT"]
[Termination "Supelyel won by resignation"]

1. c4 Nf6 2. Nc3 d6 3. g3 e5 4. Bg2 Nc6 5. Nf3 Be7 6. d3 O-O 7. Bg5 Nd7 8. Bd2 f5 9. O-O Nf6 10. Rb1 Kh8 11. Bg5 Be6 12. Bxf6 Bxf6 13. Nd5 Ne7 14. Nxe7 Qxe7 15. b4 c6 16. b5 c5 17.
Nd2 Bg5 18. Nb3 e4 19. Qc2 e3 20. f4 Bf6 21. Rbd1 Bd4 22. Nxd4 cxd4 23. Qb2 Qf6 24. Bxb7 Rab8 25. Bg2 Rfd8 26. a4 d5 27. c5 Rbc8 28. c6 Bf7 29. Rc1 Bh5 30. Rc5 Qe6 31. Re1 Qf6 32. a5 Bg4 33. Rxd5 Rxd5 34. Bxd5 Bh3 35. Qb4 Qd8 36. Qc5 Qxa5 37. Rc1 Qd2 38. Bf3 Bg4 39.
Kg2 h5 40. h3 Bxf3+ 41. Kxf3 h4 42. gxh4 Qa2 43. Qxf5 Re8 44. Qh5+ Kg8 45. Qxe8+ Kh7 46. Qh5+ Kg8 47. c7 1-0

[Event "Late-Titled-Tuesday-Blitz-April-30-2024"]
[Site "Chess.com"]
[Date "2024.04.30"]
[Round "11"]
[White "DeTimmerman"]
[Black "karinachess1"]
[Result "1/2-1/2"]
[WhiteElo "2776"]
[BlackElo "2610"]
[TimeControl "180+1"]
[EndTime "16:04:39 PDT"]
[Termination "Game drawn by repetition"]

1. b4 e5 2. Bb2 Bxb4 3. Bxe5 Nf6 4. Nc3 c6 5. a3 Be7 6. e3 d5 7. Nf3 Nbd7 8. Bg3 Nc5 9. Bd3 Nxd3+ 10. cxd3 O-O 11.
O-O Bf5 12. d4 Qa5 13. Qb3 b6 14. Rfc1 Rfc8 15. h3 h6 16. Bh4 Be6 17. Ne2 c5 18. dxc5 bxc5 19. Nf4 c4 20. Qc2 Bd7 21. a4 Rab8 22. Nd4 Rb4 23. Nf5 Bd8 24. Ne2 Ne4 25. Bxd8 Qxd8 26. Nfd4 Rcb8 27. Ra2 Qa5 28. d3 Nc5 29. dxc4 Rxc4 30. Qd1 Rxc1 31. Qxc1 Nxa4 32. Nc6 Bxc6 33. Qxc6 Qe1+ 34. Kh2 Nb6 35. Nf4 Rf8 36. Qc7 Nc4 37. Qxa7 Nd2 38. Qa5 Nf1+ 39. Kg1 Nd2+ 40. Kh2 Nf1+ 41. Kh1 Nd2+ 42. Kh2 1/2-1/2

[Event "Late-Titled-Tuesday-Blitz-April-30-2024"]
[Site "Chess.com"]
[Date "2024.04.30"]
[Round "11"]
[White "maracayo"]
[Black "Dr_Pepper18"]
[Result "1-0"]
[WhiteElo "2376"]
[BlackElo "2462"]
[TimeControl "180+1"]
[EndTime "16:04:42 PDT"]
[Termination "maracayo won on time"]

1. e4 e6 2. Nf3 d5 3. d3 Nf6 4.
Nbd2 c5 5. Be2 Nc6 6. c3 Be7 7. O-O O-O 8. a3 a5 9. Re1 b5 10. exd5 Nxd5 11. d4 cxd4 12. cxd4 Qb6 13. a4 Ba6 14. Qb3 bxa4 15. Qxb6 Nxb6 16. Bxa6 Rxa6 17.
Ne4 Nb4 18. Rd1 Rd8 19. Be3 h6 20. Nc5 Bxc5 21. dxc5 Rxd1+ 22. Rxd1 N6d5 23. Ne5 Nc6 24. Nc4 Ra8 25. Ra1 Rb8 26. Rxa4 Nxe3 27. fxe3 Rb5 28. Kf2 Rxc5 29. Ke2 Rb5 30. Ra3 Kf8 31. Rc3 Ke7 32. b3 Ne5 33. Na3 Rd5 34. Rc7+ Kf6 35. h3 Rd3 36. Rb7 Rd5 37. Nb5 Rd7 38. Rb8 Rd6 39.
Nxd6 1-0

[Event "Late-Titled-Tuesday-Blitz-April-30-2024"]
[Site "Chess.com"]
[Date "2024.04.30"]
[Round "11"]
[White "GM_dmitrij"]
[Black "DrVelja"]
[Result "1/2-1/2"]
[WhiteElo "2993"]
[BlackElo "2970"]
[TimeControl "180+1"]
[EndTime "16:04:43 PDT"]
[Termination "Game drawn by repetition"]

1. e4 c5 2. Nf3 Nc6 3. Bb5 e6 4.
O-O Nge7 5. Re1 Nd4 6. Nxd4 cxd4 7. c3 a6 8. Bf1 Nc6 9. a4 Bd6 10. b4 O-O 11. Na3 f5 12. Nc4 Bxh2+ 13. Kxh2 Qh4+ 14.
Kg1 fxe4 15. Qe2 d5 16. Nb6 Ne5 17. g3 Qf6 18. Bg2 d3 19. Qe3 Ng4 20. Qf4 Qg6 21. Qxf8+ Kxf8 22. Nxa8 Qf5 23. f3 exf3 24. Bxf3 Ne5 25.
Bg2 Qg5 26. Nb6 Qxg3 27. Re3 Qg5 28. Ba3 Ng4 29. Rf3+ Ke8 30. b5 Nf6 31. Nxc8 Qxd2 32. Nd6+ Kd7 33. Nxb7 Qxc3 34. Nc5+ Ke8 35. Rff1 Qd4+ 36.
Kh2 Qh4+ 37. Kg1 Qd4+ 38. Kh2 Qh4+ 39. Bh3 Ng4+ 40. Kg2 Ne3+ 41. Kh2 Ng4+ 42. Kg2 Ne3+ 43.
Kh2 Ng4+ 1/2-1/2

[Event "Late-Titled-Tuesday-Blitz-April-30-2024"]
[Site "Chess.com"]
[Date "2024.04.30"]
[Round "11"]
[White "Sanyura"]
[Black "rasmussvane"]
[Result "0-1"]
[WhiteElo "2669"]
[BlackElo "2944"]
[TimeControl "180+1"]
[EndTime "16:04:43 PDT"]
[Termination "rasmussvane won on time"]

1. e4 c6 2. d4 d5 3. e5 Bf5 4. c4 e6 5. h4 h6 6. Nc3 Ne7 7. Nge2 Nd7 8. Ng3 Bh7 9. a3 dxc4 10. Bxc4 Nb6 11. Ba2 Ned5 12. Qg4 Qd7 13. Bd2 Bf5 14. Nxf5 exf5 15. Qf3 h5 16. O-O Be7 17. g3 g6 18. a4 a5 19. Rac1 O-O 20. Rfe1 Rfe8 21.
e6 fxe6 22. Re2 Bf6 23. Rd1 Bxd4 24. Be3 Bxe3 25. Rxe3 Qf7 26. Re5 Re7 27. Rf1 Rae8 28. Rfe1 Nd7 29. R5e2 Kg7 30. Qd3 Qf6 31. Kg2 Nc5 32.
Qc4 Nxc3 33. bxc3 Ne4 34. Re3 Rd8 35. Bb1 Nd2 36. Qc5 Rd5 37. Qb6 Nc4 38. Qa7 Nxe3+ 39. Rxe3 e5 40. Ba2 Rd2 41. Bc4 e4 42. Qa8 Qf8 43.
Qxa5 f4 44. gxf4 Qxf4 45. Be2 Rf7 0-1

[Event "Late-Titled-Tuesday-Blitz-April-30-2024"]
[Site "Chess.com"]
[Date "2024.04.30"]
[Round "11"]
[White "lluiss"]
[Black "falzehope0"]
[Result "1-0"]
[WhiteElo "2250"]
[BlackElo "2405"]
[TimeControl "180+1"]
[EndTime "16:04:48 PDT"]
[Termination "lluiss won on time"]

1. Nf3 d6 2. d4 Nf6 3. g3 Nbd7 4. Bg2 e5 5. c4 Be7 6. Nc3 O-O 7. O-O Re8 8. h3 c6 9. e4 Qc7 10. Be3 Nf8 11. Qc2 Ng6 12. Rad1 h6 13. b4 Nh7 14. c5 exd4 15. cxd6 Bxd6 16. Nxd4 Qe7 17. a3 a5 18.
Nf5 Bxf5 19. exf5 Ngf8 20. Ne4 Bb8 21. Bc5 Qc7 22. f6 g6 23. Qd2 Re6 24. Qxh6 Nxf6 25. Nxf6+ Rxf6 26. Bd4 Nh7 27. Rfe1 Ba7 28. Bxa7 b6 29.
Bxb6 Qxb6 30. bxa5 Qxf2+ 31. Kh2 g5 32. Qh5 Kg7 33. Rf1 Qc2 34. Rxf6 Nxf6 35. Qf3 g4 36. Qd3 Qb2 37. h4 Re8 38. Qd4 Qxd4 39. Rxd4 Re6 40.
Ra4 c5 41. a6 1-0

[Event "Late-Titled-Tuesday-Blitz-April-30-2024"]
[Site "Chess.com"]
[Date "2024.04.30"]
[Round "11"]
[White "Yerkinio"]
[Black "Byniolus"]
[Result "1-0"]
[WhiteElo "2681"]
[BlackElo "2825"]
[TimeControl "180+1"]
[EndTime "16:04:50 PDT"]
[Termination "Yerkinio won by checkmate"]

1. e4 d6 2. d4 Nf6 3. Nc3 c6 4. Be3 Qb6 5. a3 Ng4 6. Bg5 e5 7. Nf3 Nd7 8. h3 Ngf6 9. Bc4 Be7 10. O-O O-O 11. dxe5 dxe5 12. Nh4 Nc5 13. Qf3 Be6 14.
Bxe6 fxe6 15. b4 Ncd7 16. Qe2 a5 17. Qc4 Rf7 18. Qxe6 axb4 19. axb4 Re8 20. Rab1 Bf8 21. Qc4 Qd4 22. Qd3 g6 23. Nf3 Qb6 24. Qc4 Kg7 25. Be3 Qc7 26. b5 Nh5 27. bxc6 bxc6 28. Ng5 Rfe7 29.
Nd5 Qd6 30. Nxe7 Rxe7 31. Rfd1 Qf6 32. Rb7 h6 33. Rbxd7 hxg5 34. Rxe7+ Bxe7 35. Rd7 Kh6 36. Qg8 Nf4 37. Rxe7 Qxe7 38. Qh8+ Qh7 39. Qxe5 Nh5 40. Bxg5# 1-0

[Event "Late-Titled-Tuesday-Blitz-April-30-2024"]
[Site "Chess.com"]
[Date "2024.04.30"]
[Round "11"]
[White "jactorres"]
[Black "Janh4"]
[Result "1-0"]
[WhiteElo "2402"]
[BlackElo "2208"]
[TimeControl "180+1"]
[EndTime "16:04:54 PDT"]
[Termination "jactorres won by checkmate"]

1. e4 c6 2. d4 d5 3. exd5 cxd5 4.
c4 Nf6 5. Nc3 Nc6 6. Bg5 Be6 7.
Bxf6 exf6 8. c5 g6 9. Bb5 Bg7 10. Nge2 O-O 11. O-O a6 12. Bxc6 bxc6 13. Na4 Qc7 14. Nb6 Rab8 15. Rc1 Rfe8 16. Re1 Bh6 17. Rc3 Bg4 18. f3 Bf5 19. Ng3 Bd7 20. Rc2 Bf4 21. Nxd7 Qxd7 22. Rxe8+ Rxe8 23. Re2 Rxe2 24. Qxe2 Qb7 25. b3 Kg7 26. Qd3 h5 27. Ne2 Bc7 28. Qe3 Qb8 29. f4 Qb5 30. g3 Qa5 31. Nc3 Qb4 32. Kf2 a5 33. f5 g5 34. h4 g4 35. Ne2 Qa3 36. Qd2 a4 37. bxa4 Qxa4 38.
Nf4 Ba5 39. Nxh5+ Kf8 40. Qh6+ Ke8 41. Qh8+ Kd7 42. Nxf6+ Ke7 43. Qe8+ Kxf6 44. Qe5# 1-0

[Event "Late-Titled-Tuesday-Blitz-April-30-2024"]
[Site "Chess.com"]
[Date "2024.04.30"]
[Round "11"]
[White "CDOEspiao"]
[Black "azikom"]
[Result "0-1"]
[WhiteElo "2555"]
[BlackElo "2732"]
[TimeControl "180+1"]
[EndTime "16:04:57 PDT"]
[Termination "azikom won by resignation"]

1. Nf3 c5 2. g3 Nc6 3. Bg2 g6 4. O-O Bg7 5. d3 d6 6. e4 e5 7.
a4 Nge7 8. Na3 O-O 9. Nc4 h6 10. Bd2 Be6 11. Qc1 Kh7 12. Nh4 d5 13. exd5 Bxd5 14.
Re1 Bxg2 15. Nxg2 Nd4 16. Qd1 Qd5 17. Nge3 Qc6 18. Na5 Qc7 19. c3 Ne6 20. Nac4 Rad8 21. Qe2 f5 22. Rad1 Nc6 23. Bc1 b6 24. Ng2 f4 25. f3 fxg3 26. hxg3 Ncd4 27. cxd4 Nxd4 28. Qe4 Nxf3+ 29. Kh1 Rd4 30. Qe3 Qd7 31. Nf4 Rdxf4 32. Kg2 Nxe1+ 33. Rxe1 Rf3 34. Qxf3 Rxf3 35. Kxf3 Qxd3+ 36.
Ne3 e4+ 37. Kf2 Bd4 38. Kg2 h5 39. g4 h4 40. g5 Kg8 41. Kh3 Qb3 42. Kxh4 Bxb2 43.
Bxb2 Qxb2 44. Ng4 c4 45. Rxe4 c3 46. Nf6+ Kf7 47. Rc4 Qf2+ 48. Kh3 Qf1+ 0-1

[Event "Late-Titled-Tuesday-Blitz-April-30-2024"]
[Site "Chess.com"]
[Date "2024.04.30"]
[Round "11"]
[White "stregachess"]
[Black "martinmena"]
[Result "1-0"]
[WhiteElo "2029"]
[BlackElo "2098"]
[TimeControl "180+1"]
[EndTime "16:04:57 PDT"]
[Termination "stregachess won by checkmate"]

1. d4 d5 2. Nf3 Nf6 3. Bf4 e6 4. e3 Bd6 5. Ne5 O-O 6. Nd2 b6 7. c3 Ba6 8. Bxa6 Nxa6 9. O-O c5 10. h3 Qc7 11. Qe2 Nb8 12. Rfe1 Nc6 13. Nxc6 Qxc6 14. Bxd6 Qxd6 15. f4 Ne4 16. Nxe4 dxe4 17. Rad1 Rfd8 18. dxc5 Qxc5 19. Rd4 f5 20. Red1 Rd5 21. Rxd5 exd5 22. Rd4 Rd8 23. Qd2 b5 24. a3 Qc6 25. Qe2 a5 26. Qh5 g6 27. Qg5 Rd7 28. h4 Qb6 29. h5 Qd8 30. Qg3 Qf6 31. Kf2 Kf7 32. h6 Ke6 33.
Kg1 Qf8 34. Qh4 Qe7 35. Qe1 Qf8 36. a4 Qc5 37. axb5 Qxb5 38. Qd2 Rb7 39. b4 axb4 40.
Rxb4 Qc6 41. Qb2 Rxb4 42. cxb4 Qc4 43. b5 Qd3 44. Kf2 Qc4 45. b6 Qc8 46. b7 Qb8 47. Qg7 Qa7 48. Qe5+ Kf7 49. b8=Q Qa2+ 50. Kg3 Qe2 51.
Qbc7+ Kf8 52. Qcg7# 1-0

[Event "Late-Titled-Tuesday-Blitz-April-30-2024"]
[Site "Chess.com"]
[Date "2024.04.30"]
[Round "11"]
[White "jaramsdal"]
[Black "brother-bear"]
[Result "1-0"]
[WhiteElo "2393"]
[BlackElo "2091"]
[TimeControl "180+1"]
[EndTime "16:05:04 PDT"]
[Termination "jaramsdal won on time"]

1. d4 g6 2. e3 Bg7 3. h4 h5 4. Nf3 Nf6 5. Ng5 c5 6. c3 Qc7 7. Bd3 d5 8. Nd2 b6 9. O-O O-O 10. a4 Nbd7 11. Ndf3 e5 12. dxe5 Nxe5 13. Nxe5 Qxe5 14.
a5 Bf5 15. f4 Qe7 16. Bxf5 gxf5 17. Rf3 b5 18. Rg3 Rad8 19. a6 Ng4 20. Qc2 f6 21.
Nh3 Qe4 22. Qe2 d4 23. cxd4 cxd4 24. Nf2 d3 25. Qd2 Qc4 26. Nxg4 fxg4 27. f5 Qe4 28. b3 Qxf5 29. Bb2 Rfe8 30. Rf1 Qe6 31. b4 Re7 32.
Bd4 Qxa6 33. Qxd3 Qe6 34. Qg6 Qe4 35. Qxh5 Rxd4 36. exd4 Qxd4+ 37. Kh1 Qc4 38. Qxg4 Qxf1+ 39. Kh2 Qc4 40. h5 Qxg4 41. Rxg4 Kh7 42. Kg3 Rc7 43.
Re4 Rc4 44. Kf3 Rxb4 45. Rxb4 a6 46. Rb3 Bf8 47. Ke4 1-0

[Event "Late-Titled-Tuesday-Blitz-April-30-2024"]
[Site "Chess.com"]
[Date "2024.04.30"]
[Round "11"]
[White "bubeliang"]
[Black "Hikaru"]
[Result "1-0"]
[WhiteElo "2848"]
[BlackElo "3175"]
[TimeControl "180+1"]
[EndTime "16:05:08 PDT"]
[Termination "bubeliang won by checkmate"]

1. e4 a6 2. d4 c6 3. e5 d5 4. exd6 exd6 5. Nf3 d5 6. Bd3 Bd6 7. O-O Bg4 8. Re1+ Ne7 9. Nbd2 Qc7 10. h3 Bh5 11. c3 Nd7 12. a4 a5 13. Qc2 Bg6 14.
c4 Kf8 15. c5 Bf4 16. Nf1 Bh5 17. Bxf4 Qxf4 18. Ne5 Rd8 19. Ng3 Bg6 20. Qc3 Nxe5 21.
Rxe5 Bxd3 22. Qxd3 f6 23. Re2 g6 24. Rae1 Rd7 25. Re6 Kf7 26. Qe2 Qc7 27. Qf3 Ng8 28.
Re8 Rd8 29. Qe3 Qd7 30. Rxd8 Qxd8 31. Qe6+ Kg7 32. Re3 h5 33. Rb3 Qc7 34. Re3 h4 35. Ne2 Rh7 36. Qe8 Qf7 37. Qd8 Qf8 38. Qxa5 g5 39. Qb6 Kh8 40. a5 Nh6 41. a6 bxa6 42.
Qxc6 g4 43. Re8 Kg7 44. Rxf8 Kxf8 45. Qxf6+ Nf7 46. c6 Rh6 47. Qf5 Rxc6 48. hxg4 Kg7 49. Nf4 Nh6 50. Nh5+ Kg8 51. Qg5+ Kf8 52. Qg7+ Ke8 53.
Nf6+ Kd8 54. Qd7# 1-0

[Event "Late-Titled-Tuesday-Blitz-April-30-2024"]
[Site "Chess.com"]
[Date "2024.04.30"]
[Round "11"]
[White "anasta10"]
[Black "Revan_2002"]
[Result "0-1"]
[WhiteElo "2619"]
[BlackElo "2781"]
[TimeControl "180+1"]
[EndTime "16:05:09 PDT"]
[Termination "Revan_2002 won by resignation"]

1. Nf3 Nf6 2. c4 g6 3. Nc3 Bg7 4. e4 d6 5. d4 O-O 6. Be2 e5 7. d5 Nbd7 8. h3 Nh5 9. g3 Nc5 10. Be3 a5 11. Nd2 Nf6 12. g4 Ne8 13. h4 f5 14. gxf5 gxf5 15. exf5 Bxf5 16. h5 Kh8 17. h6 Bf6 18. Nb3 b6 19. Nxc5 dxc5 20. Bd3 Nd6 21. Bxf5 Nxf5 22. Qg4 Nd6 23. Ne4 Rg8 24.
Qf3 Nxe4 25. Qxe4 Qd7 26. O-O-O Rg4 27. Qc2 Rag8 28. Kb1 a4 29. Rhe1 e4 30. Bc1 a3 31.
Rxe4 R4g6 32. Rde1 b5 33. b3 b4 34. Re6 Bd4 35. Be3 Bc3 36. Bd2 Bd4 37. Be3 Rxe6 38. dxe6 Qd6 39. Rd1 Qxe6 40. Bxd4+ cxd4 41. Qd2 c5 42. Re1 Qg6+ 43. Ka1 Qf6 44. Qd3 Qxh6 45. Qe4 Qf6 46.
Kb1 d3 47. Qe5 Qxe5 48. Rxe5 Rg1+ 0-1

[Event "Late-Titled-Tuesday-Blitz-April-30-2024"]
[Site "Chess.com"]
[Date "2024.04.30"]
[Round "11"]
[White "Andrii_Prydun"]
[Black "Pig-filth"]
[Result "1-0"]
[WhiteElo "2406"]
[BlackElo "2323"]
[TimeControl "180+1"]
[EndTime "16:05:11 PDT"]
[Termination "Andrii_Prydun won by resignation"]

1. e4 Nf6 2. e5 Nd5 3. d4 d6 4. c4 Nb6 5. f4 dxe5 6. fxe5 Nc6 7. Be3 Bf5 8. Nc3 e6 9. Be2 Be7 10. Nf3 O-O 11. O-O f6 12. Nh4 fxe5 13. Nxf5 exf5 14. d5 Na5 15. b3 c6 16. d6 Bxd6 17. c5 Bc7 18. cxb6 Bxb6 19. Qc1 f4 20. Bf2 Bxf2+ 21. Rxf2 Qb6 22. Rb1 c5 23. Na4 Qf6 24. Qxc5 b6 25. Qb5 Rac8 26. Bf3 Nc6 27. Bxc6 Rxc6 28. Re1 Re6 29. Nc3 Kh8 30. Ne4 Qg6 31. Qd5 h6 32. Rc1 f3 33. Rcf1 Kh7 34. Rxf3 Rxf3 35. Rxf3 Rc6 36.
Rc3 Rxc3 37. Nxc3 Qc2 38. Qe4+ Qxe4 39. Nxe4 Kg6 40. Kf2 Kf5 41. Ke3 g5 42. Ng3+ Kg4 43. Ke4 h5 44. Kxe5 h4 45. Nf1 h3 46. Ne3+ Kh4 47. g3+ Kh5 48. Kf5 g4 49. Nxg4 1-0

[Event "Late-Titled-Tuesday-Blitz-April-30-2024"]
[Site "Chess.com"]
[Date "2024.04.30"]
[Round "11"]
[White "kalinchick"]
[Black "canary2016"]
[Result "1-0"]
[WhiteElo "2482"]
[BlackElo "2274"]
[TimeControl "180+1"]
[EndTime "16:05:12 PDT"]
[Termination "kalinchick won by resignation"]

1. Nf3 Nf6 2. g3 g6 3. Bg2 Bg7 4. O-O O-O 5. d3 d5 6. c3 c6 7. Nbd2 Bg4 8. h3 Bxf3 9. exf3 Nbd7 10. f4 e5 11. fxe5 Nxe5 12. Qc2 Re8 13. Nf3 Nxf3+ 14. Bxf3 Qd7 15. Kg2 Re7 16. Be3 Ne8 17. Bg5 Bf6 18. Bh6 Bg7 19. Bf4 Be5 20. Bg5 Bf6 21. Bxf6 Nxf6 22. Rae1 Rae8 23. Qd2 Qd6 24. Rxe7 Rxe7 25. Re1 Nd7 26. Rxe7 Qxe7 27. Qf4 Ne5 28. Be2 Kg7 29. Bf1 Qf6 30. Qxf6+ Kxf6 31. f4 Nd7 32. Kf2 Ke6 33. Ke3 f5 34. c4 dxc4 35. dxc4 c5 36. Bg2 b6 37. Bd5+ Kd6 38. Bf3 Nf6 39. Kd3 Ke6 40.
a3 a5 41. Ke3 Kd6 42. g4 fxg4 43. hxg4 Nd7 44. g5 Nf8 45. Bd5 Nd7 46. Bg8 Nf8 47. Ke4 a4 48. Bf7 Ke7 49. Bd5 Nd7 50. Bc6 Nf8 51.
Bxa4 Ne6 52. Bc6 Nd4 53. Bd5 Kf8 54. b4 Nc2 55. bxc5 bxc5 56. a4 Nb4 57. a5 Kg7 58.
Bb7 Kf8 59. a6 Nxa6 60. Bxa6 Ke7 61. Kd5 1-0

[Event "Late-Titled-Tuesday-Blitz-April-30-2024"]
[Site "Chess.com"]
[Date "2024.04.30"]
[Round "11"]
[White "VD_coach"]
[Black "duone"]
[Result "1-0"]
[WhiteElo "2527"]
[BlackElo "2413"]
[TimeControl "180+1"]
[EndTime "16:05:13 PDT"]
[Termination "VD_coach won by checkmate"]

1. d4 Nf6 2. Nf3 e6 3. c4 d5 4. cxd5 exd5 5. Nc3 c6 6. Bg5 Bd6 7. e3 O-O 8. Bd3 Nbd7 9. Qc2 h6 10. Bh4 b6 11. O-O Bb7 12. Rfe1 Qc7 13. Rac1 Rac8 14.
Bg3 Bxg3 15. hxg3 Rfe8 16. b4 Qd6 17. Qb3 Re7 18. a4 Rce8 19. a5 b5 20. Bf5 g6 21.
Bxd7 Qxd7 22. Ne5 Qd6 23. Nd3 Nd7 24. Ne2 Re4 25. Nc5 Nxc5 26. dxc5 Qe7 27. Qc3 Bc8 28.
Nd4 Bd7 29. Rc2 f5 30. Rce2 Qg5 31. f3 R4e7 32. Kf2 h5 33. Rh1 Kf7 34. Rh4 Qf6 35. Qd2 Kg7 36. Rh1 Qe5 37. f4 Qf6 38. Nf3 Re4 39.
Ng5 Rc4 40. Rc1 d4 41. Rxc4 dxe3+ 42. Rxe3 Rxe3 43. Kxe3 Qe7+ 44. Re4 fxe4 45. Qd6 Qxd6 46. cxd6 Kf6 47. Kxe4 a6 48. Kd4 Kf5 49. Kc5 Kg4 50. Kb6 Kxg3 51. Kxa6 Kxg2 52. Kb7 h4 53. a6 c5 54. a7 h3 55. Nxh3 Be6 56. a8=Q Bd5+ 57.
Kb8 Bxa8 58. Kxa8 cxb4 59. d7 b3 60. d8=Q b2 61. Qd2+ Kxh3 62. Qxb2 Kg4 63. Qf6 b4 64. Qxg6+ Kxf4 65. Qb1 Ke3 66. Qxb4 Kd3 67. Kb7 Ke3 68. Kc6 Kf3 69. Kd5 Ke3 70. Ke5 Ke2 71. Qb3 Kd2 72.
Ke4 Kc1 73. Qa2 Kd1 74. Kd3 Ke1 75. Qg2 Kd1 76. Qg1# 1-0